 Dungeon Crawl Stone Soup version 0.31-a0-1338-gb567cfdca4 (webtiles) character file.

Game seed: 3946589917020858692

228 olourkin the Chopper (level 5, -2/45 HPs)
             Began as a Minotaur Berserker on Dec 22, 2023.
             Was a Priest of Trog.
             Incinerated by a bombardier beetle (5 damage)
             ... with a burning spray
             ... on level 4 of the Dungeon.
             The game lasted 00:10:16 (3081 turns).

olourkin the Chopper (Minotaur Berserker)           Turns: 3081, Time: 00:10:17

Health: -2/45      AC: 11    Str: 23    XL:     5   Next: 70%
Magic:  13/13      EV:  7    Int:  4    God:    Trog [***...]
Gold:   206        SH:  0    Dex: 10    Spells: 4/4 levels left

rFire   . . .        a - +0 hand axe
rCold   . . .        (no shield)
rNeg    . . .        k - +0 plate armour
rPois   .            (helmet restricted)
rElec   .            (no cloak)
rCorr   .            (no gloves)
SInv    .            (no boots)
Will    .....        (no amulet) Stlth
                     r - ring of magical power
HPRegen 0.27/turn    s - ring of flight
MPRegen 0.13/turn

%: no passive effects
@: on fire, flying, glowing
A: horns 2, retaliatory headbutt
a: Renounce Religion, Berserk, Trog's Hand


You were on level 4 of the Dungeon.
You worshipped Trog.
Trog was most pleased with you.
You visited 1 branch of the dungeon, and saw 4 of its levels.

You collected 206 gold pieces.

Inventory:

Hand Weapons
 a - a +0 hand axe (weapon)
Missiles
 h - 40 stones (quivered)
 l - a throwing net
Armour
 b - a +0 animal skin
 k - a +0 plate armour (worn)
Jewellery
 m - the ring of Natruggig {rF+ Will+ Stlth+}
   (You found it on level 3 of the Dungeon)

   [ring of protection from fire]

   rF+:       It protects you from fire.
   Will+:     It increases your willpower.
   Stlth+:    It makes you more stealthy.
 r - a ring of magical power (left hand)
 s - a ring of flight (right hand)
Wands
 o - a wand of polymorph (13)
Scrolls
 d - a scroll of poison {unknown}
 e - a scroll of noise {unknown}
 f - a scroll of immolation {unknown}
 i - 2 scrolls of identify {unknown}
 n - 2 scrolls of blinking {unknown}
 p - a scroll of teleportation {unknown}
Potions
 c - a potion of resistance {unknown}
 g - a potion of mutation {unknown}
 j - a potion of attraction {unknown}
 q - a potion of curing {unknown}


   Skills:
 - Level 3.6 Fighting
 * Level 7.2 Axes
 + Level 3.8 Armour
 - Level 2.1 Dodging


You had 4 spell levels left.
You didn't know any spells.
Your spell library was empty.

Dungeon Overview and Level Annotations

Branches:
Dungeon (4/15)
 Temple: D:4-7

Altars:
Xom

Annotations:
D:3 2 transporters, Curundu's ghost, weakling HOBe


Innate Abilities, Weirdness & Mutations

You have a pair of horns on your head.
You reflexively headbutt those who attack you in melee.


Message History

You barely miss the bombardier beetle. You headbutt the bombardier beetle!
The bombardier beetle is severely wounded.
The bombardier beetle sprays incendiary fluid at you.
The burning spray hits you.
You are covered in liquid fire!
You barely miss the bombardier beetle.
The bombardier beetle is severely wounded.
The liquid fire burns you!
The bombardier beetle bites you but does no damage.
You closely miss the bombardier beetle.
The bombardier beetle is severely wounded.
The liquid fire burns you!
* * * LOW HITPOINT WARNING * * *
You barely miss the bombardier beetle.
You headbutt the bombardier beetle, but do no damage.
The bombardier beetle is severely wounded.
The liquid fire burns you!
* * * LOW HITPOINT WARNING * * *
The bombardier beetle bites you but does no damage.
You hit the bombardier beetle but do no damage.
You headbutt the bombardier beetle.
You kill the bombardier beetle!
Trog accepts your kill. The liquid fire burns you!
* * * LOW HITPOINT WARNING * * *
You hit the dart slug.
The dart slug is severely wounded.
The liquid fire burns you!
* * * LOW HITPOINT WARNING * * *
The dart slug bites you but does no damage.
You hit the dart slug.
You kill the dart slug!
Trog accepts your kill. The liquid fire burns you!
* * * LOW HITPOINT WARNING * * *
Okay, then.
The liquid fire burns you!
* * * LOW HITPOINT WARNING * * *
The liquid fire burns you!
You die...

.........#.#.....)..#
.!.....#.........#.........
..........##.##............
......###.#...#.###...>..[.
...#.#.......... #.#.#####
#...###.#...#.###...#
#......##.##.......#
#...#.........#.....
##......#@#....$
......##.#.#?#.#... ...##
#..)### . # .#
#..)...B......
######..#B?... #........
#.##..... #.# ...w. #..
..).


There were no monsters in sight!

Vanquished Creatures
  A scorpion (D:4)
  An orc wizard (D:3)
  3 gnolls (D:3)
  3 adders
  A bombardier beetle (D:4)
  3 dart slugs
  6 orcs
  3 ball pythons
  4 endoplasms
  9 hobgoblins
  4 jackals (D:2)
  3 quokkas
  10 bats
  3 frilled lizards
  2 goblins (D:1)
  10 kobolds
  2 rats
68 creatures vanquished.

Notes
Turn   | Place    | Note
-------+----------+-------------------------------------------
     0 | D:1      | olourkin the Minotaur Berserker began the quest for the
                  | Orb.
     0 | D:1      | Reached XP level 1. HP: 19/19 MP: 0/0
   222 | D:1      | Reached skill level 4 in Axes
   291 | D:1      | Reached XP level 2. HP: 26/26 MP: 1/1
  1099 | D:2      | Reached skill level 5 in Axes
  1110 | D:2      | Reached ** piety under Trog
  1111 | D:2      | Reached XP level 3. HP: 21/31 MP: 2/2
  1755 | D:3      | Noticed Curundu's ghost (weakling HOBe)
  1784 | D:3      | Found a transporter.
  1816 | D:3      | Found a shimmering altar of Xom.
  1855 | D:3      | Reached XP level 4. HP: 39/39 MP: 3/3
  1870 | D:3      | Reached skill level 6 in Axes
  2010 | D:3      | Identified the ring of Natruggig {rF+ Will+ Stlth+}
  2346 | D:3      | Reached XP level 5. HP: 45/45 MP: 4/4
  2395 | D:3      | Reached *** piety under Trog
  2425 | D:3      | Found a transporter.
  2813 | D:4      | Reached skill level 7 in Axes
  3081 | D:4      | Incinerated by a bombardier beetle

Illustrated notes

Levels and vault maps discovered:
D:1:      dpeg_arrival_pits, layout_basic, serial_park_tiny_pond,
          columned_hall_lemuel, st_stairs_8
D:2:      layout_loops_ring
D:3:      layout_basic, mainiacjoe_overflow_alcove_1, gammafunk_ghost_stat_death
D:4:      layout_loops_cross, evilmike_ruin_ashenzari, serial_bayou_pond_a,
          minmay_fractal_squares_5

Skill      XL: |  1  2  3  4  5 |
---------------+----------------+-----
Axes           | 4 5 6 7 |  7.2
Armour         | 3 |  3.8
Fighting       | |  3.6
Dodging        | |  2.1

Action                     |  1- 3 |  4- 6 || total
---------------------------+-------+-------++-------
  Melee: Hand axe          |    75 |    74 ||   149
         Headbutt          |    12 |    17 ||    29
  Throw: Stone             |     2 |     3 ||     5
 Invoke: Berserk           |       |     1 ||     1
 Armour: Animal skin       |    31 |       ||    31
         Plate armour      |     2 |    45 ||    47
  Dodge: Dodged            |    49 |    22 ||    71

Table legend: (Time is in decaauts)
 A = Elapsed time spent in this place.
 B = Non-inter-level travel time spent in this place.
 C = Inter-level travel time spent in this place.
 D = Time resting spent in this place.
 E = Time spent auto-exploring this place.
 F = Levels seen in this place.
 G = Mean time per level.
                   A        B        C        D        E       F      G
               +--------+--------+--------+--------+--------+-----+--------+
         Total |   3091 |   3026 |     65 |    429 |   2161 |   4 |  772.8 |
       Dungeon |   3091 |   3026 |     65 |    429 |   2161 |   4 |  772.8 |
               +--------+--------+--------+--------+--------+-----+--------+

Top non-repeatable levels by time:
     D:1: 998 daAuts
     D:3: 964 daAuts
     D:2: 724 daAuts
     D:4: 404 daAuts
